Match 44532434
Unlisted

Match 44532434
End
Panzergrenadier Squad
Selects Panzerjäger Kommand Battlegroup
Selects Mine Fields
Kradschützen Motorcycle Team
Panzergrenadier Squad
250 Light Carrier
Construct Light Support Kompanie
Combat Half-tracks
Panzerjäger Squad
2.5-tonne Medical Truck
Selects Tank Busters
Construct Mechanized Kompanie
250 Light Carrier
Selects Defensive Positions
Construct Panzerarmee Kommand
Veteran Squad Leaders
Selects Butterfly Bomb Drop
Butterfly Bomb Drop
Panzerjäger Squad
Selects Tank Busters
Butterfly Bomb Drop
Walking Stuka Rocket Launcher
Assault Grenadier Squad
Assault Grenadier Squad
Selects Crew Shock Tactics
Butterfly Bomb Drop
Armored Reserves
Butterfly Bomb Drop
Tiger Heavy Tank
Tungsten Core Ammunition
Rapid Advance
Emergency Repair Kits
Butterfly Bomb Drop
Vehicle Survival Package
Butterfly Bomb Drop
Butterfly Bomb Drop
Crew Shock Tactics
Butterfly Bomb Drop
Selects Elefant Tank Destroyer
Elefant Tank Destroyer
Butterfly Bomb Drop
Butterfly Bomb Drop
Panzer IV Assault Group
Butterfly Bomb Drop
Butterfly Bomb Drop
Standby
ExG_Monster
☜☢Uddes☢☞
帝国师-大护法
我是神里凌华的狗
⁂ | YILONGMA
Shelby
gUi
0
0

Comments sign in to comment!

No comments posted yet!